 Seeded DCSS version 0.31-a0-986-g5e6e4ef867 (webtiles) character file.

Game seed: 1406735480 (custom seed)

292 Danienth the Grave Robber (level 6, -1/51 HPs)
             Began as a Deep Elf Necromancer on Nov 12, 2023.
             Succumbed to a kobold brigand's curare-tipped dart
             ... in a sewer.
             The game lasted 00:13:25 (3598 turns).

Danienth the Grave Robber (Deep Elf Necromancer)    Turns: 3598, Time: 00:13:28

Health: -1/51      AC: 23    Str:  5    XL:     6   Next: 10%
Magic:  14/15      EV:  2    Int: 20    God:
Gold:   116        SH:  0    Dex: 23    Spells: 7/15 levels left

rFire   . . .        j - +1 dagger (venom)
rCold   . . .        (no shield)
rNeg    . . .        a - melded +0 robe
rPois   +            (helmet currently unavailable)
rElec   .            (cloak currently unavailable)
rCorr   .            (gloves currently unavailable)
SInv    .            (boots currently unavailable)
Will    .....        (no amulet)
Stlth   +++          c - +6 ring of dexterity
HPRegen 0.28/turn    (no ring)
MPRegen 0.14/turn

%: no passive effects
@: lethally poisoned (-1 -> -4), tree-form, slowed, very slow
A: stationary, stasis, torment immunity, boosted hp
a: no special abilities


You were in a sewer.
You were a tree.
You visited 1 branch of the dungeon, and saw 4 of its levels.
You also visited: Sewer.

You collected 116 gold pieces.

Inventory:

Hand Weapons
 f - a +0 flail of protection
 g - a +0 spear
 j - a +1 dagger of venom (weapon)
 m - a +0 flail of holy wrath
Missiles
 o - 3 javelins (quivered)
Armour
 a - a +0 robe (melded)
Jewellery
 c - a +6 ring of dexterity (left branch)
Scrolls
 e - a scroll of summoning
 h - 2 scrolls of noise
 k - a scroll of fear
 n - a scroll of amnesia {unknown}
Potions
 b - a potion of magic


   Skills:
 + Level 1.1 Fighting
 * Level 1.8 Short Blades
 - Level 3.6 Dodging
 - Level 3.6 Stealth
 - Level 5.0 Spellcasting
 - Level 6.2 Necromancy


You had 7 spell levels left.
You knew the following spells:

 Your Spells              Type           Power      Damage    Failure   Level
a - Necrotise             Necr           100%       1d9       1%          1
b - Vampiric Draining     Necr           30%        2d8       2%          3
c - Animate Dead          Necr           30%        N/A       9%          4

Your spell library contained the following spells:

 Spells                   Type           Power      Damage    Failure   Level
 Agony                    Necr           30%        N/A       24%         5


Dungeon Overview and Level Annotations

Branches:
Dungeon (4/15)              Sewer (1/1)
 Temple: D:4-7

Altars:
Gozag
Qazlal
Zin


Message History

The curare-tipped dart misses you.
The kobold brigand throws a curare-tipped dart.
The curare-tipped dart misses you.
The kobold brigand throws a curare-tipped dart.
The curare-tipped dart hits you.
You are poisoned.
You have difficulty breathing.
You feel yourself slow down.
Okay, then.
You feel very sick.
You enter the shallow water.
Moving in this stuff is going to be slow.
You feel sick.
You feel very sick.
You start resting.
You feel sick. x2
You are no longer poisoned.
The kobold brigand throws a curare-tipped dart.
The curare-tipped dart hits you.
You are poisoned.
You have difficulty breathing.
* * * LOW HITPOINT WARNING * * *
You feel as though you will be slow longer.
Magic scrolls do not work when you're silenced!
* * * LOW HITPOINT WARNING * * *
You feel very sick.
Your hearing returns.
* * * LOW HITPOINT WARNING * * *
You feel sick.
You turn into a tree.
Your +0 robe melds into your body.
Your roots penetrate the ground.
* * * LOW HITPOINT WARNING * * *
You feel sick.
Casting: Necrotise (safe; 1% risk of failure)
Confirm with . or Enter, or press ? or * to list all spells.
Aiming: Necrotise (safe; 1% risk of failure)
Press: ? - help, Shift-Dir - straight line, f/p - kobold brigand
Aim: a kobold brigand, wielding a +0 club and quivering curare-tipped darts (almost dead, chance to affect: 83%)
The kobold brigand writhes in agony!
You kill the kobold brigand!
The dead are walking!
You die...

#~~.~~~..∩....~.
#~~.~~~.....~.~~
#~~Z..~~.∩....~~
##~...~~....~~.~~ ##
##..~)~....~~.~.~.
~~~####~.~.##~..~~.~..##
#....~..~####~~~~.~~##
#~~.~.~..# #...~~~~#
#~.~..♣.## ~~~~~.~~.#
.~.####### ~~.~~~.~~~~.
..~.#####.~~~ ~..## #..


You could see a friendly kobold brigand skeleton.

Vanquished Creatures
  A black bear (D:3)
  A kobold brigand (Sewer)
  An orc priest (D:4)
  3 gnolls (D:2)
  4 adders
  A river rat (Sewer)
  A worm (D:2)
  A dart slug (D:3)
  6 orcs
  9 bats
  10 endoplasms
  5 giant cockroaches
  7 jackals
  4 quokkas
  5 ball pythons
  4 frilled lizards
  8 goblins
  5 kobolds
  8 rats
84 creatures vanquished.

Vanquished Creatures (collateral kills)
  A dart slug (D:2)
  An endoplasm (D:3)
  2 ball pythons
4 creatures vanquished.

Vanquished Creatures (others)
  A river rat zombie (Sewer)
  An endoplasm zombie (Sewer)
  An orc zombie (D:4)
3 creatures vanquished.

Grand Total: 91 creatures vanquished

Notes
Turn   | Place    | Note
-------+----------+-------------------------------------------
     0 | D:1      | Danienth the Deep Elf Necromancer began the quest for the
                  | Orb.
     0 | D:1      | Reached XP level 1. HP: 10/10 MP: 6/6
   204 | D:1      | Reached skill level 5 in Necromancy
   255 | D:1      | Reached XP level 2. HP: 15/15 MP: 5/8
   964 | D:1      | Reached XP level 3. HP: 19/19 MP: 7/10
  1026 | D:1      | Learned a level 3 spell: Vampiric Draining
  1948 | D:2      | Reached XP level 4. HP: 16/24 MP: 3/12
  2114 | D:3      | Noticed a black bear
  2122 | D:3      | Killed a black bear
  2123 | D:3      | Reached skill level 6 in Necromancy
  2123 | D:3      | Reached XP level 5. HP: 11/28 MP: 8/14
  2422 | D:3      | Reached skill level 5 in Spellcasting
  2472 | D:3      | Learned a level 4 spell: Animate Dead
  2664 | D:3      | Found a stormy altar of Qazlal.
  2667 | D:3      | Found a glowing silver altar of Zin.
  2952 | D:3      | Found an opulent altar of Gozag.
  3291 | D:4      | Reached skill level 1 in Short Blades
  3362 | D:4      | Reached skill level 1 in Fighting
  3362 | D:4      | Reached XP level 6. HP: 22/34 MP: 5/15
  3454 | D:4      | Found a glowing drain.
  3464 | Sewer    | Entered a sewer
  3596 | Sewer    | HP: 1/34 [poisoned by a kobold brigand (curare-tipped
                  | dart)]
  3598 | Sewer    | Succumbed to a kobold brigand's curare-tipped dart

Illustrated notes

Levels and vault maps discovered:
D:1:      dpeg_arrival_long_road, layout_basic
D:2:      layout_rooms, serial_curves, eino_curves_01, eino_curves_01
D:3:      layout_loops_corners, mainiacjoe_overflow_six_doors_small,
          nicolae_overflow_squiral, st_stairs_13, hangedman_abyss_or_decor_stabs
D:4:      layout_loops_ring, portal_sewer_entry_f, minmay_misc_feat_columns
Sewer:    sewer_co_tree

Skill      XL: |  1  2  3  4  5 |
---------------+----------------+-----
Necromancy     | 5 6 |  6.2
Stealth        | 3 |  3.6
Dodging        | 3 |  3.6
Spellcasting   | 4 5 |  5.0
Short Blades   | 1 |  1.8
Fighting       | 1 |  1.1

Action                     |  1- 3 |  4- 6 || total
---------------------------+-------+-------++-------
  Melee: Dagger            |     3 |     8 ||    11
  Throw: Dart              |       |     7 ||     7
         Javelin           |       |     1 ||     1
   Cast: Necrotise         |    81 |    76 ||   157
         Animate Dead      |       |     2 ||     2
    Use: Scroll            |     4 |     3 ||     7
         Potion            |       |     1 ||     1
 Armour: Robe              |    12 |    23 ||    35
  Dodge: Dodged            |    24 |    20 ||    44

Table legend: (Time is in decaauts)
 A = Elapsed time spent in this place.
 B = Non-inter-level travel time spent in this place.
 C = Inter-level travel time spent in this place.
 D = Time resting spent in this place.
 E = Time spent auto-exploring this place.
 F = Levels seen in this place.
 G = Mean time per level.
                   A        B        C        D        E       F      G
               +--------+--------+--------+--------+--------+-----+--------+
         Total |   3618 |   3554 |     64 |    371 |   2650 |   5 |  723.6 |
       Dungeon |   3464 |   3400 |     64 |    368 |   2571 |   4 |  866.0 |
         Sewer |    154 |    154 |      0 |      3 |     79 |   1 |  154.0 |
               +--------+--------+--------+--------+--------+-----+--------+

Top non-repeatable levels by time:
     D:3: 1182 daAuts
     D:1: 1130 daAuts
     D:2: 960 daAuts
     D:4: 190 daAuts
   Sewer: 154 daAuts
